 Dungeon Crawl Stone Soup version 0.23-a0-635-g88ca12a (webtiles) character file.

201 galech the Skirmisher (level 5, 42/42 HPs)
             Began as a Demonspawn Fighter on Dec 27, 2018.
             Quit the game on level 6 of the Dungeon.
             The game lasted 00:02:27 (1793 turns).

galech the Skirmisher (Demonspawn Fighter)          Turns: 1793, Time: 00:02:27

Health: 42/42      AC: 10    Str: 16    XL:     5   Next: 50%
Magic:  5/5        EV:  4    Int:  9    God:
Gold:   133        SH:  9    Dex: 14    Spells: 4/4 levels left

rFire    . . .     SeeInvis .   g - +1 hand axe (drain)
rCold    . . .     Gourm    .   c - +0 shield
rNeg     . . .     Faith    .   o - +0 chain mail
rPois    .         Spirit   .   (no helmet)
rElec    .         Reflect  .   q - +0 cloak
rCorr    .         Harm     .   (no gloves)
MR       .....                  (no boots)
Stlth    ..........             (no amulet)
HPRegen  1.14/turn              (no ring)
MPRegen  0.09/turn              (no ring)

@: no status effects
A: claws 1, hooves 1, powered by death 1
a: no special abilities


You were on level 6 of the Dungeon.
You were not hungry.

You visited 1 branch of the dungeon, and saw 4 of its levels.

You collected 133 gold pieces.

Inventory:

Hand Weapons
 a - a +0 war axe
 g - a +1 hand axe of draining (weapon)
Armour
 c - a +0 shield (worn)
 o - a +0 chain mail (worn)
 q - a +0 cloak (worn)
Wands
 t - a wand of enslavement (10)
Scrolls
 i - 3 scrolls of enchant weapon {unknown}
 j - a scroll of enchant armour {unknown}
 m - 2 scrolls of identify {unknown}
 n - a scroll of amnesia {unknown}
 s - a scroll of teleportation {unknown}
Potions
 b - 2 potions of cancellation {unknown}
 e - 2 potions of invisibility {unknown}
 h - 2 potions of magic {unknown}
 k - a potion of heal wounds
 l - a potion of agility {unknown}
 p - a potion of mutation {unknown}
Comestibles
 f - 5 rations
 r - 7 chunks of flesh


   Skills:
 + Level 3.7 Fighting
 + Level 3.3 Axes
 + Level 3.3 Armour
 + Level 0.6 Dodging
 + Level 0.3 Stealth
 + Level 3.6 Shields


You had 4 spell levels left.
You didn't know any spells.
Your spell library was empty.

Dungeon Overview and Level Annotations

Branches:
Dungeon (3/15)

Altars:
Xom


Innate Abilities, Weirdness & Mutations

You have sharp fingernails.
You have large cloven feet.
You regenerate a little health from kills.


Message History

You closely miss the big kobold.
The big kobold is moderately wounded.
The jackal barks!
You hit the kobold. You drain the kobold!
You kill the kobold!
You hear a bark!
The big kobold barely misses you.
Your shield and chain mail prevent you from hitting the big kobold.
The big kobold is moderately wounded.
The big kobold hits you but does no damage.
You block the jackal's attack.
Unknown command.
You closely miss the big kobold. You kick the big kobold.
The big kobold is moderately wounded.
Your shield and chain mail prevent you from hitting the jackal.
You block the jackal's attack.
The big kobold hits you but does no damage.
Unknown command.
Unknown command.
Are you sure you want to abandon this character and quit the game? (Confirm

#######
#.....#
#.....# #
#.....#.#
#.....#.#
###....Kh.#
#......@#
#.......#
#.......#
#.......#
#....####
#.... ####.
#. #.


You could see a big kobold and a jackal.

Vanquished Creatures
  A bullfrog (D:6)
  Jessica (D:3)
  Terence (D:2)
  2 adders (D:2)
  An ooze (D:2)
  A worm (D:2)
  3 dart slugs (D:2)
  2 leopard geckos (D:3)
  6 orcs (D:3)
  4 bats
  A giant cockroach (D:3)
  4 goblins
  3 hobgoblins
  9 kobolds
  2 ball pythons (D:2)
  3 frilled lizards
  8 rats
52 creatures vanquished.

Notes
Turn   | Place    | Note
-------+----------+-------------------------------------------
     0 | D:1      | galech the Demonspawn Fighter began the quest for the Orb.
     0 | D:1      | Reached XP level 1. HP: 18/18 MP: 1/1
   162 | D:1      | Gained mutation: You regenerate a little health from kills.
                  | [demonic ancestry]
   162 | D:1      | Reached XP level 2. HP: 24/24 MP: 2/2
   265 | D:1      | Found a shimmering altar of Xom.
   806 | D:2      | Gained mutation: You have sharp fingernails. [demonic
                  | ancestry]
   806 | D:2      | Reached XP level 3. HP: 29/29 MP: 3/3
   983 | D:2      | Noticed Terence
   994 | D:2      | Killed Terence
  1049 | D:2      | Reached XP level 4. HP: 31/35 MP: 4/4
  1661 | D:3      | Noticed Jessica
  1671 | D:3      | Killed Jessica
  1701 | D:3      | You fall through a shaft for 3 floors!
  1701 | D:6      | Noticed a bullfrog
  1707 | D:6      | Killed a bullfrog
  1707 | D:6      | Gained mutation: You have large cloven feet. [demonic
                  | ancestry]
  1707 | D:6      | Reached XP level 5. HP: 22/42 MP: 5/5
  1793 | D:6      | Quit the game

Vault maps used:
D:1:      scummos_arrival_forest, xom_teletrap_fun
D:2:      first_ration, uniq_terence
D:3:      uniq_jessica
D:6:      minmay_temple_entry_antechambers, serial_shops, kennysheep_little_box

Skill      XL: |  1  2  3  4 |
---------------+-------------+-----
Axes           | 2 3 |  3.3
Armour         | 3 |  3.3
Shields        | 3 |  3.6
Fighting       | |  3.7
Dodging        | |  0.6
Stealth        | |  0.3

Action                   |  1- 3 |  4- 6 || total
-------------------------+-------+-------++-------
Melee: War axe           |    97 |    33 ||   130
       Hand axe          |       |    33 ||    33
       Kick              |       |     5 ||     5
  Use: Potion            |     1 |     1 ||     2
  Eat: Chunk             |       |     3 ||     3
Armor: Scale mail        |    73 |       ||    73
       Chain mail        |     5 |    50 ||    55
Dodge: Dodged            |    34 |    15 ||    49
Block: Shield            |    53 |    32 ||    85

Table legend:
 A = Non-vault XP
 B = Vault XP
 C = Vault XP percentage of total XP
 D = Non-vault monster count
 E = Vault monster count
 F = Vault count percentage of total count
                 A         B        C        D         E       F
            +---------+---------+-------+---------+---------+-------
      Total |     219 |      69 |  24.0 |      50 |       2 |   3.8
            +---------+---------+-------+---------+---------+-------
        D:1 |      22 |       0 |   0.0 |      13 |       0 |   0.0
        D:2 |      70 |      32 |  31.4 |      19 |       1 |   5.0
        D:3 |      32 |      37 |  53.6 |      14 |       1 |   6.7
        D:6 |      95 |       0 |   0.0 |       4 |       0 |   0.0
            +---------+---------+-------+---------+---------+-------
